 Dungeon Crawl Stone Soup version 0.29.0 (webtiles) character file.

Game seed: 15586473285565051703

110 Dorkslayer the Trooper (level 4, -3/41 HPs)
             Began as a Hill Orc Fighter on Aug 31, 2022.
             Slain by Terence
             ... wielding a +0 mace
              (6 damage)
             ... on level 3 of the Dungeon.
             The game lasted 00:04:10 (1972 turns).

Dorkslayer the Trooper (Hill Orc Fighter)           Turns: 1972, Time: 00:04:10

Health: -3/41      AC:  7    Str: 20    XL:     4   Next: 91%
Magic:  4/4        EV:  9    Int:  8    God:
Gold:   198        SH:  5    Dex: 10    Spells: 3/3 levels left

rFire   . . .      SeeInvis .   a - +0 war axe
rCold   . . .      Faith    .   c - +1 buckler
rNeg    . . .      Spirit   .   b - +0 scale mail
rPois   .          Reflect  .   (no helmet)
rElec   .          Harm     .   (no cloak)
rCorr   .          Rampage  .   (no gloves)
Will    +....                   (no boots)
Stlth   ..........              (no amulet)
HPRegen 0.13/turn               k - ring of willpower
MPRegen 0.09/turn               (no ring)

@: no status effects
A: no striking features
a: no special abilities


You were on level 3 of the Dungeon.
You visited 1 branch of the dungeon, and saw 3 of its levels.

You collected 198 gold pieces.

Inventory:

Hand Weapons
 a - a +0 war axe (weapon)
Missiles
 f - 14 poisoned darts (quivered)
 n - 4 boomerangs
Armour
 b - a +0 scale mail (worn)
 c - a +1 buckler (worn)
Jewellery
 k - a ring of willpower (left hand)
Scrolls
 e - a scroll of fear
 i - 3 scrolls of poison {unknown}
 j - a scroll of amnesia {unknown}
 m - 2 scrolls of teleportation {unknown}
Potions
 d - a potion of might
 g - a potion of magic
 h - a potion of invisibility
 l - 2 potions of curing {unknown}
 o - a potion of degeneration {unknown}


   Skills:
 * Level 4.6 Fighting
 + Level 4.0 Axes
 + Level 3.7 Armour
 * Level 1.3 Dodging
 + Level 3.7 Shields


You had 3 spell levels left.
You didn't know any spells.
Your spell library contained the following spells:

 Spells                   Type           Power      Damage    Failure   Level
 Inner Flame              Hex/Fire       0%         N/A       99%         3
 Cause Fear               Hex            0%         N/A       100%        4
 Discord                  Hex            0%         N/A       100%        8


Dungeon Overview and Level Annotations

Branches:
Dungeon (3/15)

Altars:
Xom

Annotations:
D:3 Terence


Message History

Terence shouts, "ATTACK!!!"
You hit the iguana.
The iguana is heavily wounded.
The iguana looks more healthy.
The iguana bites you but does no damage.
The iguana bites you!
You closely miss the iguana.
The iguana is heavily wounded.
The iguana bites you but does no damage.
You hit the iguana.
The iguana is severely wounded.
You block the iguana's attack.
You hit the iguana.
The iguana is severely wounded.
The iguana closely misses you. The iguana bites you!
You slash the iguana!
You kill the iguana!
Your Axes skill increases to level 4!
You hit Terence.
Terence is lightly wounded.
Terence barely misses you.
You barely miss Terence.
Terence is lightly wounded.
Terence hits you with a +0 mace. Terence barely misses you.
You completely miss Terence.
Terence is lightly wounded.
Terence barely misses you.
You slash Terence!
Terence is heavily wounded.
Terence hits you with a +0 mace.
* * * LOW HITPOINT WARNING * * *
You hit Terence.
Terence is severely wounded.
Terence hits you with a +0 mace!
* * * LOW HITPOINT WARNING * * *
Terence barely misses you.
You hit Terence.
Terence is almost dead.
Terence hits you with a +0 mace.
You die...

..#.####. #. ..$.....
..#. ## .......# ...#..
...#.# ###..#.# ..@.#
......#
#..#####..####.#.#.#
#..............#..#
#.########...........##
#.....@@(.............#
##########..........#..
#..........#..
#..........#..
#..........#..
############.. ........
........ ........


You could see Terence.

Vanquished Creatures
  An iguana (D:3)
  3 adders
  2 worms
  5 bats
  4 endoplasms
  4 giant cockroaches
  4 hobgoblins
  3 jackals (D:2)
  3 kobolds
  2 quokkas
  4 ball pythons (D:2)
  4 frilled lizards
  5 goblins
  4 rats
48 creatures vanquished.

Notes
Turn   | Place    | Note
-------+----------+-------------------------------------------
     0 | D:1      | Dorkslayer the Hill Orc Fighter began the quest for the
                  | Orb.
     0 | D:1      | Reached XP level 1. HP: 19/19 MP: 1/1
    94 | D:1      | Reached XP level 2. HP: 21/27 MP: 2/2
   776 | D:1      | Reached XP level 3. HP: 33/33 MP: 3/3
   832 | D:2      | Found a faded altar of an unknown god.
  1077 | D:2      | Found a shimmering altar of Xom.
  1233 | D:2      | Reached skill level 1 in Dodging
  1330 | D:2      | Reached XP level 4. HP: 41/41 MP: 4/4
  1949 | D:3      | Noticed Terence
  1972 | D:3      | Slain by Terence

Illustrated notes

Levels and vault maps discovered:
D:1:      minmay_arrival_doors, layout_basic
D:2:      layout_loops_ring, basic_altar,
          hellmonk_ecumenical_altar_pennies_from_heaven, nrook_uturn
D:3:      layout_basic, ebering_ghost_rock_garden, minivault_19, uniq_terence

Skill      XL: |  1  2  3  4 |
---------------+-------------+-----
Fighting       | 4 |  4.6
Axes           | 3 4 |  4.0
Dodging        | 1 |  1.3
Armour         | |  3.7
Shields        | |  3.7

Action                   |  1- 3 |  4- 6 || total
-------------------------+-------+-------++-------
Melee: War axe           |   104 |    37 ||   141
Throw: Dart              |       |     1 ||     1
  Use: Scroll            |       |     5 ||     5
Armor: Scale mail        |    54 |     6 ||    60
Dodge: Dodged            |    56 |    18 ||    74
Block: Buckler           |    26 |     7 ||    33
